 Dungeon Crawl Stone Soup version 0.28-a0-683-ga8797d1ae1 (webtiles) character file.

Game seed: 4810420632898893974

2202 Woods the Summoner (level 9, -1/65 HPs)
             Began as a Gnoll Summoner on Oct 18, 2021.
             Was a Follower of Cheibriados.
             Slain by a hornet (13 damage)
             ... on level 8 of the Dungeon.
             The game lasted 00:17:31 (9451 turns).

Woods the Summoner (Gnoll Summoner)                 Turns: 9451, Time: 00:17:32

Health: -1/65      AC:  6    Str:  9    XL:     9   Next: 34%
Magic:  14/18      EV: 18    Int: 21    God:    Cheibriados [*.....]
Gold:   419        SH:  0    Dex: 14    Spells: 5/21 levels left

rFire   . . .      SeeInvis .   e - +0 short sword
rCold   + . .      Faith    .   (no shield)
rNeg    + . .      Spirit   .   y - +1 robe {rC+}
rPois   .          Reflect  .   (no helmet)
rElec   .          Harm     .   (no cloak)
rCorr   .          Rampage  .   f - +2 pair of gloves
Will    .....                   (no boots)
Stlth   +++.......              (no amulet)
HPRegen 0.20/turn               b - ring of positive energy
MPRegen 0.16/turn               k - +4 ring of evasion

@: slowed, very slow
A: fangs 1, strong nose, distributed training
a: Renounce Religion, Bend Time


You were on level 8 of the Dungeon.
You worshipped Cheibriados.
Cheibriados was aware of your devotion.
You visited 2 branches of the dungeon, and saw 9 of its levels.
You also visited: Sewer.

You collected 419 gold pieces.

Inventory:

Hand Weapons
 e - a +0 short sword (weapon)
Armour
 f - a +2 pair of gloves (worn)
 y - a +1 robe of cold resistance (worn)
Jewellery
 a - a ring of positive energy
 b - a ring of positive energy (left hand)
 g - a ring of ice
 k - a +4 ring of evasion (right hand)
Scrolls
 d - a scroll of amnesia
 n - a scroll of magic mapping {unknown}
 o - 5 scrolls of teleportation
 p - 5 scrolls of fog
 q - a scroll of enchant weapon
 u - a scroll of blinking {unknown}
 z - a scroll of holy word {unknown}
 A - a scroll of immolation {unknown}
Potions
 c - a potion of berserk rage
 j - a potion of magic {unknown}
 l - 6 potions of flight
 s - a potion of heal wounds {unknown}
 t - a potion of might {unknown}
 v - a potion of mutation {unknown}
 w - a potion of lignification {unknown}
 x - 2 potions of brilliance


   Skills:
 + Level 4.1 Fighting
 + Level 4.1 Short Blades
 + Level 4.1 Long Blades
 + Level 4.1 Axes
 + Level 4.1 Maces & Flails
 + Level 4.1 Polearms
 + Level 4.1 Staves
 + Level 4.1 Slings
 + Level 4.1 Bows
 + Level 4.1 Crossbows
 + Level 4.1 Throwing
 + Level 4.1 Armour
 + Level 6.2 Dodging
 + Level 6.0 Stealth
 + Level 4.1 Shields
 + Level 4.1 Unarmed Combat
 + Level 6.6 Spellcasting
 + Level 3.4 Conjurations
 + Level 3.4 Hexes
 + Level 8.0 Summonings
 + Level 3.4 Necromancy
 + Level 3.4 Translocations
 + Level 3.4 Transmutations
 + Level 3.4 Fire Magic
 + Level 3.4 Ice Magic
 + Level 3.4 Air Magic
 + Level 3.4 Earth Magic
 + Level 3.4 Poison Magic
 + Level 4.5 Invocations
 + Level 4.1 Evocations


You had 5 spell levels left.
You knew the following spells:

 Your Spells              Type           Power      Damage    Failure   Level
a - Summon Small Mammal   Summ           100%       N/A       1%          1
b - Call Imp              Summ           40%        N/A       1%          2
c - Call Canine Familiar  Summ           40%        N/A       1%          3
d - Summon Guardian Gole  Hex/Summ       30%        N/A       2%          3
e - Summon Lightning Spi  Summ/Air       30%        N/A       9%          4
f - Vampiric Draining     Necr           10%        2d7       7%          3

Your spell library contained the following spells:

 Spells                   Type           Power      Damage    Failure   Level
 Slow                     Hex            21%        N/A       3%          2
 Confusing Touch          Hex            21%        N/A       7%          3
 Conjure Flame            Conj/Fire      21%        6-21      7%          3
 Gell's Gravitas          Tloc           10%        N/A       7%          3
 Ignite Poison            Fire/Tmut/Pois 21%        N/A       7%          3
 Lesser Beckoning         Tloc           21%        N/A       7%          3
 Stone Arrow              Conj/Erth      42%        3d9       7%          3
 Teleport Other           Tloc           21%        N/A       7%          3
 Animate Armour           Summ/Erth      60%        N/A       9%          4
 Sticky Flame             Conj/Fire      21%        2d4       22%         4
 Lehudib's Crystal Spear  Conj/Erth      10%        10d4      100%        8


Dungeon Overview and Level Annotations

Branches:
Dungeon (7/15)             Temple (1/1) D:5           Sewer (visited)

Altars:
Ashenzari
Cheibriados
Dithmenos
Elyvilon
Gozag
Hepliaklqana
Kikubaaqudgha
Makhleb
Nemelex Xobeh
Okawaru
Qazlal
Ru
Sif Muna
Trog
Uskayaw
Vehumet
Wu Jian
Xom
Yredelemnul
Zin
The Shining One

Shops:
D:7 (


Innate Abilities, Weirdness & Mutations

You have very sharp teeth.
Your uncanny sense of smell can sniff out nearby items.
Your experience applies equally to all skills.


Message History

You are more poisoned.
You feel as though you will be slow longer.
You feel sick.
Your wolf closely misses the hornet.
The hornet stings you.
* * * LOW HITPOINT WARNING * * *
You feel as though you will be slow longer.
Your wolf completely misses the hornet.
You can move again.
Okay, then.
Unknown command.
As you read the scroll of fear, it crumbles to dust.
You assume a fearsome visage.
The hornet looks frightened!
You feel very sick.
As you close the door, it creaks loudly!
You feel sick.
You feel sick.
You feel sick.
You feel sick.
You feel yourself speed up.
You feel sick.
You feel sick.
You feel sick.
You are no longer poisoned.
You open the door.
There is an open door here.
As you close the door, it creaks loudly!
You hear an angry buzzing noise.
You start resting.
A hornet is nearby!
You open the door. The flow of time bends around you.
Your wolf misses the hornet.
The hornet stings you but does no damage.
There is an open door here.
Your wolf bites the hornet but does no damage.
The hornet stings you!
* * * LOW HITPOINT WARNING * * *
You feel yourself slow down.
You feel better.
Your wolf bites the hornet!
The hornet misses you.
Your wolf barely misses the hornet.
The hornet stings you!
You die...

∆
..........#...#......
.........y9h.'......
..
#.##.##.###+###..###
...###.##.##.###..# #
..............#...+
..............#...#
#####...##..###.#
#...##..###.#####
#.!.....hy@.....#
#........#......#
##..#######....##
#..# ###### ....
..... ###.### ##


You could see a hornet (ally target) and a friendly wolf (summoned).

Vanquished Creatures
  An ogre (D:6)
  A sky beast (D:7)
  A hound (D:5)
  A centaur zombie (D:3)
  An adder (D:5)
  2 worms
  2 dart slugs
  An orc (D:3)
  4 endoplasms
  4 giant cockroaches
  4 goblins
  3 hobgoblins
  A jackal (Sewer)
  2 kobolds
  4 quokkas
  3 ball pythons
  6 bats
  2 frilled lizards
  A jackal zombie (D:6)
  A rat (D:2)
45 creatures vanquished.

Vanquished Creatures (collateral kills)
  A water moccasin (D:7)
  An ice beast (D:4)
  A sky beast (D:7)
  A necrophage (D:7)
  An ogre (D:5)
  2 centaurs
  A phantom (D:6)
  A scorpion (D:6)
  3 wights (D:6)
  A centaur zombie (D:7)
  2 hounds
  A jelly (D:6)
  2 orc priests (D:4)
  A bullfrog skeleton (D:6)
  A centaur skeleton (D:6)
  2 iguanas (D:5)
  Natasha (twice) (D:2)
  Robin (D:2)
  3 adders
  A shadow imp (D:7)
  4 worms
  3 dart slugs
  2 orcs
  6 endoplasms
  A giant cockroach (D:4)
  8 goblins
  10 hobgoblins
  5 jackals
  5 kobolds (D:1)
  4 quokkas
  2 ball pythons
  6 bats
  3 frilled lizards
  4 rats (D:4)
92 creatures vanquished.

Vanquished Creatures (others)
  Prince Ribbit (D:5)
  Grinder (D:3)
  An orc warrior (D:6)
  A wyvern zombie (D:5)
  An orc wizard (D:6)
5 creatures vanquished.

Grand Total: 142 creatures vanquished

Notes
Turn   | Place    | Note
-------+----------+-------------------------------------------
     0 | D:1      | Woods the Gnoll Summoner began the quest for the Orb.
     0 | D:1      | Reached XP level 1. HP: 13/13 MP: 6/6
   265 | D:1      | Reached XP level 2. HP: 15/19 MP: 5/7
   270 | D:1      | Learned a level 2 spell: Call Imp
   835 | D:1      | Reached XP level 3. HP: 17/25 MP: 3/9
   839 | D:1      | Learned a level 3 spell: Call Canine Familiar
   951 | D:1      | Learned a level 3 spell: Summon Guardian Golem
  1010 | D:1      | Found a faded altar of an unknown god.
  1021 | D:1      | Reached skill level 5 in Spellcasting
  1197 | D:2      | Reached skill level 1 in Invocations
  1421 | D:2      | Noticed Robin
  1433 | D:2      | Reached skill level 1 in Fighting
  1433 | D:2      | Reached skill level 1 in Short Blades
  1433 | D:2      | Reached skill level 1 in Long Blades
  1433 | D:2      | Reached skill level 1 in Axes
  1433 | D:2      | Reached skill level 1 in Maces & Flails
  1433 | D:2      | Reached skill level 1 in Polearms
  1433 | D:2      | Reached skill level 1 in Staves
  1433 | D:2      | Reached skill level 1 in Slings
  1433 | D:2      | Reached skill level 1 in Bows
  1433 | D:2      | Reached skill level 1 in Crossbows
  1433 | D:2      | Reached skill level 1 in Throwing
  1433 | D:2      | Reached skill level 1 in Armour
  1433 | D:2      | Reached skill level 1 in Shields
  1433 | D:2      | Reached skill level 1 in Unarmed Combat
  1433 | D:2      | Reached skill level 1 in Evocations
  1437 | D:2      | Killed Robin
  1438 | D:2      | Reached XP level 4. HP: 23/32 MP: 1/11
  1747 | D:2      | Noticed Natasha
  1770 | D:2      | Killed Natasha
  1771 | D:2      | Reached skill level 1 in Conjurations
  1771 | D:2      | Reached skill level 1 in Hexes
  1771 | D:2      | Reached skill level 1 in Necromancy
  1771 | D:2      | Reached skill level 1 in Translocations
  1771 | D:2      | Reached skill level 1 in Transmutations
  1771 | D:2      | Reached skill level 1 in Fire Magic
  1771 | D:2      | Reached skill level 1 in Ice Magic
  1771 | D:2      | Reached skill level 1 in Air Magic
  1771 | D:2      | Reached skill level 1 in Earth Magic
  1771 | D:2      | Reached skill level 1 in Poison Magic
  2299 | D:2      | Noticed Natasha
  2308 | D:2      | Killed Natasha
  2309 | D:2      | Reached XP level 5. HP: 32/37 MP: 4/12
  2543 | D:3      | Learned a level 4 spell: Summon Lightning Spire
  2552 | D:3      | Noticed Grinder
  2587 | D:3      | Killed Grinder
  2588 | D:3      | Reached skill level 5 in Dodging
  2588 | D:3      | Reached XP level 6. HP: 44/44 MP: 4/14
  3520 | D:4      | Found a glowing drain.
  3572 | Sewer    | Entered a sewer
  4445 | D:4      | Found a hazy altar of Hepliaklqana.
  4963 | D:4      | Noticed an ice beast
  4971 | D:4      | Reached XP level 7. HP: 50/50 MP: 10/15
  5260 | D:5      | Entered Level 5 of the Dungeon
  5321 | D:5      | Found a staircase to the Ecumenical Temple.
  5791 | D:5      | Reached skill level 5 in Stealth
  5872 | D:5      | Found a shimmering altar of Xom.
  5881 | D:5      | Found a snail-covered altar of Cheibriados.
  6060 | D:5      | Became a worshipper of Cheibriados the Contemplative
  6111 | D:5      | Noticed Prince Ribbit
  6135 | D:5      | Killed Prince Ribbit
  6136 | D:5      | Reached XP level 8. HP: 57/57 MP: 3/16
  6422 | D:5      | Found a burning altar of Makhleb.
  6698 | Temple   | Entered the Ecumenical Temple
  7340 | D:6      | Found a white marble altar of Elyvilon.
  7441 | D:6      | Learned a level 3 spell: Vampiric Draining
  7556 | D:6      | Reached * piety under Cheibriados
  7957 | D:6      | Reached XP level 9. HP: 48/65 MP: 12/18
  8111 | D:6      | Found a glowing silver altar of Zin.
  8111 | D:6      | Found a faded altar of an unknown god.
  8118 | D:6      | Found a shimmering blue altar of Sif Muna.
  8120 | D:6      | Found a faded altar of an unknown god.
  8122 | D:6      | Found a stormy altar of Qazlal.
  9130 | D:7      | Reached skill level 8 in Summonings
  9201 | D:7      | Found Ythritsos's Firing Range.
  9399 | D:7      | You fall into a shaft and drop 1 floor!
  9425 | D:8      | Noticed a hornet
  9429 | D:8      | Paralysed by a hornet for 3 turns
  9450 | D:8      | HP: 2/65 [hornet (8)]
  9451 | D:8      | Slain by a hornet

Illustrated notes

Levels and vault maps discovered:
D:1:      dpeg_arrival_round_c, layout_basic, serial_curves, eino_curves_01,
          eino_curves_02, eino_curves_01, eino_curves_03,
          basic_ecumenical_altar, item_on_display_a
D:2:      layout_basic, patterned_corridor, uniq_robin, uniq_natasha
D:3:      layout_loops_cross, grunt_decor_fettered, uniq_grinder
D:4:      layout_loops_ring, old_standard_altar, portal_sewer_entry_a,
          corexii_leaking_fountain
D:5:      layout_basic, makhleb_heckhound_becter, mainiacjoe_overflow_swirl,
          minmay_temple_entry_waves, serial_corexii_hall,
          corexii_hall_statues_x, chequers_hall_statues_corner_a,
          uniq_prince_ribbit1
D:6:      layout_loops_corners, nicolae_overflow_crystal_walls,
          chequers_temple_overflow_minitemple, enter_ossuary_3
D:7:      minmay_the_grid_triangle_9x9_rhombus_thin
          [minmay_the_grid_triangle_9x9_corrupted_corridor,
          minmay_the_grid_triangle_9x9_prize_top_heavy,
          minmay_the_grid_triangle_9x9_longest,
          minmay_the_grid_triangle_9x9_stretched_checkered], layout_basic,
          serial_undead, serial_undead_d, serial_undead_e, serial_undead_e,
          serial_undead_a, nicolae_shop_firing_range
D:8:      layout_gridville, minmay_circle_x
Temple:   cyrus_circular_temple

Skill      XL: |  1  2  3  4  5  6  7  8  9 |
---------------+----------------------------+-----
Spellcasting   | 5 6 |  6.6
Invocations    | 1 2 3 4 |  4.5
Fighting       | 1 2 3 4 |  4.1
Short Blades   | 1 2 3 4 |  4.1
Long Blades    | 1 2 3 4 |  4.1
Axes           | 1 2 3 4 |  4.1
Maces & Flails | 1 2 3 4 |  4.1
Polearms       | 1 2 3 4 |  4.1
Staves         | 1 2 3 4 |  4.1
Slings         | 1 2 3 4 |  4.1
Bows           | 1 2 3 4 |  4.1
Crossbows      | 1 2 3 4 |  4.1
Throwing       | 1 2 3 4 |  4.1
Armour         | 1 2 3 4 |  4.1
Shields        | 1 2 3 4 |  4.1
Unarmed Combat | 1 2 3 4 |  4.1
Evocations     | 1 2 3 4 |  4.1
Conjurations   | 1 2 3 |  3.4
Hexes          | 1 2 3 |  3.4
Necromancy     | 1 2 3 |  3.4
Translocations | 1 2 3 |  3.4
Transmutations | 1 2 3 |  3.4
Fire Magic     | 1 2 3 |  3.4
Ice Magic      | 1 2 3 |  3.4
Air Magic      | 1 2 3 |  3.4
Earth Magic    | 1 2 3 |  3.4
Poison Magic   | 1 2 3 |  3.4
Dodging        | 5 6 |  6.2
Stealth        | 5 6 |  6.0
Summonings     | 8 |  8.0

Action                   |  1- 3 |  4- 6 |  7- 9 || total
-------------------------+-------+-------+-------++-------
Melee: Unarmed           |    23 |       |       ||    23
       Bite              |     4 |    13 |    18 ||    35
       Short sword       |    44 |   103 |   119 ||   266
 Cast: Summon Small Mamm |    13 |    14 |     1 ||    28
       Call Imp          |     8 |     3 |     3 ||    14
       Call Canine Famil |     5 |    20 |    27 ||    52
       Summon Guardian G |     2 |     7 |    11 ||    20
       Summon Lightning  |       |     5 |    10 ||    15
Invok: Bend Time         |       |       |     1 ||     1
  Use: Potion            |       |     1 |     1 ||     2
       Scroll            |       |       |    12 ||    12
 Stab: Sleeping          |     3 |     3 |       ||     6
       Distracted        |     1 |     2 |     2 ||     5
Armor: Robe              |    18 |    29 |    33 ||    80
Dodge: Dodged            |    60 |    98 |   145 ||   303

Table legend: (Time is in decaauts)
 A = Elapsed time spent in this place.
 B = Non-inter-level travel time spent in this place.
 C = Inter-level travel time spent in this place.
 D = Time resting spent in this place.
 E = Time spent auto-exploring this place.
 F = Levels seen in this place.
 G = Mean time per level.
                   A        B        C        D        E       F      G
               +--------+--------+--------+--------+--------+-----+--------+
         Total |  10231 |  10017 |    214 |   1131 |   6983 |  10 | 1023.1 |
       Dungeon |   9217 |   9013 |    204 |    923 |   6469 |   8 | 1152.1 |
        Temple |     66 |     56 |     10 |      0 |     43 |   1 |   66.0 |
         Sewer |    947 |    947 |      0 |    208 |    470 |   1 |  947.0 |
               +--------+--------+--------+--------+--------+-----+--------+

Top non-repeatable levels by time:
     D:6: 1941 daAuts
     D:2: 1401 daAuts
     D:5: 1396 daAuts
     D:7: 1207 daAuts
     D:1: 1130 daAuts
     D:4: 1083 daAuts
     D:3: 989 daAuts
   Sewer: 947 daAuts
     D:8: 66 daAuts
  Temple: 66 daAuts
